 Dungeon Crawl Stone Soup version 0.29-a0-824-gd827844252 (webtiles) character file.

Game seed: 8236460044238896047

1246 kevlar127 the Ruffian (level 8, -2/124 HPs)
             Began as a Troll Berserker on July 9, 2022.
             Was a Priest of Trog.
             Slain by a killer bee (7 damage)
             ... on level 6 of the Dungeon.
             The game lasted 00:07:25 (4287 turns).

kevlar127 the Ruffian (Troll Berserker)             Turns: 4287, Time: 00:07:26

Health: -2/124     AC:  5    Str: 28    XL:     8   Next: 25%
Magic:  7/7        EV: 10    Int:  3    God:    Trog [***...]
Gold:   445        SH:  0    Dex:  9    Spells: 7/7 levels left

rFire   . . .      SeeInvis +     - Unarmed
rCold   . . .      Faith    .   (no shield)
rNeg    . . .      Spirit   .   a - +0 animal skin
rPois   .          Reflect  .   (helmet restricted)
rElec   .          Harm     .   v - +0 cloak
rCorr   .          Rampage  .   (gloves unavailable)
Will    ++...                   (boots unavailable)
Stlth   ..........              (no amulet)
HPRegen 2.10/turn               r - ring of see invisible
MPRegen 0.10/turn               (no ring)

@: berserking, lethally poisoned (-2 -> -2), strong-willed (expiring),
regenerating (expiring), very quick
A: large, unfitting armour, claws 3, regeneration 1, shaggy fur 1, tough skin 1
a: Renounce Religion, Berserk, Trog's Hand


You were on level 6 of the Dungeon.
You worshipped Trog.
Trog was most pleased with you.
You visited 1 branch of the dungeon, and saw 6 of its levels.

You collected 445 gold pieces.

Inventory:

Missiles
 h - 24 stones (quivered)
 s - 4 boomerangs
 t - 2 poisoned darts
Armour
 a - a +0 animal skin (worn)
 v - a +0 cloak (worn)
Jewellery
 n - a ring of magical power
 r - a ring of see invisible (left claw)
Wands
 w - a wand of quicksilver (5)
 C - a wand of flame (22)
 D - a wand of digging (3)
Scrolls
 b - a scroll of amnesia {unknown}
 c - 4 scrolls of enchant weapon {unknown}
 d - a scroll of fog {unknown}
 e - 4 scrolls of identify {unknown}
 f - a scroll of magic mapping {unknown}
 j - a scroll of blinking {unknown}
 m - 3 scrolls of fear {unknown}
 x - 2 scrolls of poison {unknown}
 y - a scroll of immolation {unknown}
Potions
 g - a potion of berserk rage {unknown}
 i - 2 potions of cancellation
 k - a potion of haste {unknown}
 l - a potion of magic
 o - 6 potions of curing
 p - a potion of brilliance {unknown}
 q - a potion of might {unknown}
 u - a potion of heal wounds {unknown}
 z - a potion of resistance {unknown}
 A - 2 potions of lignification {unknown}
 B - 2 potions of flight {unknown}
 E - 2 potions of mutation {unknown}
 F - 2 potions of ambrosia {unknown}


   Skills:
 + Level 5.8 Fighting
 + Level 3.9 Throwing
 - Level 2.4 Dodging
 + Level 6.9 Unarmed Combat


You had 7 spell levels left.
You didn't know any spells.
Your spell library was empty.

Dungeon Overview and Level Annotations

Branches:
Dungeon (6/15)
 Temple: D:4-7

Altars:
Ashenzari

Shops:
D:5 *

Annotations:
D:6 1 transporter


Innate Abilities, Weirdness & Mutations

You are too large for most types of armour.
You have claws for hands.
Your natural rate of healing is unusually fast.
You are covered in fur. (AC +1)
You have tough skin. (AC +1)


Message History

The killer bee is almost dead.
The killer bee misses you. The killer bee stings you.
You claw the killer bee!
You kill the killer bee!
Trog accepts your kill.
You closely miss the killer bee. The killer bee stings you. x2
* * * LOW HITPOINT WARNING * * *
You mangle the killer bee!!
You kill the killer bee!
Trog accepts your kill. The killer bee stings you.
* * * LOW HITPOINT WARNING * * *
You scratch the killer bee.
The killer bee is moderately wounded.
The killer bee stings you!
* * * LOW HITPOINT WARNING * * *
The killer bee barely misses you.
Unknown command.
You claw the killer bee!
You kill the killer bee!
Trog accepts your kill.
You feel the effects of Trog's Hand fading.
The killer bee stings you.
* * * LOW HITPOINT WARNING * * *
You are poisoned.
The killer bee poisons you!
You miss the killer bee.
You feel sick. The killer bee barely misses you.
You barely miss the killer bee. The killer bee closely misses you.
The killer bee stings you.
* * * LOW HITPOINT WARNING * * *
You closely miss the killer bee. Your claw misses the killer bee.
You feel sick. The killer bee stings you.
* * * LOW HITPOINT WARNING * * *
The killer bee stings you.
* * * LOW HITPOINT WARNING * * *
Unknown command.
A red film seems to cover your vision as you go berserk!
You feel yourself moving faster!
You feel mighty!
You feel sick. The killer bee stings you!
You die...

##...####.........##
##..# #......#
##.......## ##..
#.##.#.# ##.....#.##
##.#. # #.#.#
##...###.###.##. #....
##'## ##.#..##. ###..
#..#####.#.... .####y.
####.........###.
.......####....©....##.#
#. #.yyy@.#######.##.#
#. ######.#8.©.8#.##.#
#. #.#P./.P#....# #.
#.###+###.######.
#.#S...S#........
#.#S...S#.#######
#.#≈...≈#.# #.#≈.⌠.≈#.#
#≈...≈#.#


You could see 3 killer bees and 4 electric eels.

Vanquished Creatures
  2 centaurs
  A black bear (D:5)
  An ogre (D:5)
  A phantom (D:4)
  A scorpion (D:5)
  3 killer bees (D:6)
  5 orc priests
  2 hounds (D:5)
  Crazy Yiuf (D:3)
  3 iguanas
  5 orc wizards
  7 adders
  4 gnolls (D:5)
  A shadow imp (D:6)
  3 worms
  7 dart slugs
  15 orcs
  4 ball pythons
  7 endoplasms
  4 giant cockroaches
  4 hobgoblins
  3 jackals (D:5)
  9 kobolds
  3 quokkas
  3 bats
  2 frilled lizards
  2 goblins (D:1)
  7 rats
110 creatures vanquished.

Notes
Turn   | Place    | Note
-------+----------+-------------------------------------------
     0 | D:1      | kevlar127 the Troll Berserker began the quest for the Orb.
     0 | D:1      | Reached XP level 1. HP: 22/22 MP: 0/0
   190 | D:1      | Reached XP level 2. HP: 29/29 MP: 1/1
   912 | D:2      | Found a faded altar of an unknown god.
  1044 | D:2      | Reached XP level 3. HP: 35/37 MP: 2/2
  1219 | D:2      | Reached ** piety under Trog
  1720 | D:3      | Reached skill level 4 in Unarmed Combat
  1720 | D:3      | Reached XP level 4. HP: 30/45 MP: 3/3
  2071 | D:3      | Reached XP level 5. HP: 35/54 MP: 4/4
  2154 | D:3      | Found a broken altar of Ashenzari.
  2248 | D:3      | Reached skill level 5 in Unarmed Combat
  2259 | D:3      | Found a runed translucent door.
  2260 | D:3      | Noticed Crazy Yiuf
  2442 | D:3      | Reached *** piety under Trog
  2533 | D:3      | Killed Crazy Yiuf
  2534 | D:3      | Reached XP level 6. HP: 62/62 MP: 5/5
  2642 | D:4      | Reached skill level 1 in Throwing
  3118 | D:5      | Entered Level 5 of the Dungeon
  3131 | D:5      | Reached XP level 7. HP: 44/71 MP: 6/6
  3237 | D:5      | Found Wicsof's Gadget Gallery.
  3273 | D:5      | Reached skill level 5 in Fighting
  3273 | D:5      | Reached skill level 6 in Unarmed Combat
  3949 | D:6      | Reached XP level 8. HP: 69/81 MP: 7/7
  4125 | D:6      | Found a transporter.
  4286 | D:6      | HP: 4/83 [killer bee (6)]
  4287 | D:6      | Slain by a killer bee

Illustrated notes

Levels and vault maps discovered:
D:1:      lemuel_arrival_cross, layout_basic
D:2:      layout_basic, shapermc_ecumenical_altar_pompeii,
          kennysheep_generic_room_15
D:3:      layout_rooms, mainiacjoe_overflow_six_doors_small,
          lightli_corner_chamber, uniq_crazy_yiuf_cottage
D:4:      layout_rooms, kennysheep_generic_room_9
D:5:      layout_cave_pods, nicolae_shop_gadgets
D:6:      gammafunk_steamed_eel, layout_loops_corners, temple_statues

Skill      XL: |  1  2  3  4  5  6  7 |
---------------+----------------------+-----
Fighting       | 3 4 5 |  5.8
Unarmed Combat | 4 5 6 |  6.9
Throwing       | 1 3 |  3.9
Dodging        | |  2.4

Action                   |  1- 3 |  4- 6 |  7- 9 || total
-------------------------+-------+-------+-------++-------
Melee: Unarmed           |    80 |   128 |    76 ||   284
       Punch             |     2 |     5 |       ||     7
Invok: Berserk           |       |     1 |     2 ||     3
       Trog's Hand       |       |       |     2 ||     2
  Use: Potion            |       |       |     3 ||     3
Armor: Animal skin       |    22 |    35 |    26 ||    83
Dodge: Dodged            |    41 |    57 |    60 ||   158

Table legend: (Time is in decaauts)
 A = Elapsed time spent in this place.
 B = Non-inter-level travel time spent in this place.
 C = Inter-level travel time spent in this place.
 D = Time resting spent in this place.
 E = Time spent auto-exploring this place.
 F = Levels seen in this place.
 G = Mean time per level.
                   A        B        C        D        E       F      G
               +--------+--------+--------+--------+--------+-----+--------+
         Total |   4273 |   4159 |    114 |    246 |   3275 |   6 |  712.2 |
       Dungeon |   4273 |   4159 |    114 |    246 |   3275 |   6 |  712.2 |
               +--------+--------+--------+--------+--------+-----+--------+

Top non-repeatable levels by time:
     D:1: 889 daAuts
     D:3: 854 daAuts
     D:2: 816 daAuts
     D:5: 789 daAuts
     D:4: 545 daAuts
     D:6: 377 daAuts
